 Dungeon Crawl Stone Soup version 0.23.2-40-g277498a001 (webtiles) character file.

Game seed: 17191198842800826704

11023 Aggronaut the Fencer (level 11, -6/81 HPs)
             Began as a Demonspawn Berserker on Sept 25, 2019.
             Was an Elder of Trog.
             Mangled by a catoblepas (19 damage)
             ... on level 2 of the Lair of Beasts.
             The game lasted 00:32:15 (12236 turns).

Aggronaut the Fencer (Demonspawn Berserker)        Turns: 12236, Time: 00:32:15

Health: -6/81      AC: 18    Str: 21    XL:     11   Next: 43%
Magic:  0/11       EV: 11    Int:  8    God:    Trog [****..]
Gold:   150        SH:  0    Dex: 13    Spells: 10/10 levels left

rFire    x . .     SeeInvis +   j - +4 falchion (freeze)
rCold    + . .     Gourm    .   (no shield)
rNeg     . . .     Faith    .   I - +1 chain mail of Foolhardiness {+Blink rF- SInv} (curse)
rPois    .         Spirit   +   (helmet restricted)
rElec    .         Reflect  .   (no cloak)
rCorr    .         Harm     .   g - +0 pair of gloves {archery}
MR       .....                  i - +0 pair of boots
Stlth    ..........             (no amulet)
HPRegen  0.23/turn              o - +4 ring of protection
MPRegen  0.24/turn              B - +3 ring of protection

@: no status effects
A: horns 1, repulsion field 2, cold resistance 1, magic shield, magic
regeneration, magic link
a: Berserk, Trog's Hand, Brothers in Arms, Renounce Religion, Evoke Blink


You were on level 2 of the Lair of Beasts.
You worshipped Trog.
Trog was greatly pleased with you.
You were near starving.

You visited 2 branches of the dungeon, and saw 12 of its levels.

You collected 548 gold pieces.
You spent 398 gold pieces at shops.

Inventory:

Hand Weapons
 j - a +4 falchion of freezing (weapon)
 p - a cursed +0 great sword
Armour
 g - a +0 pair of gloves of archery (worn)
 i - a +0 pair of boots (worn)
 I - the cursed +1 chain mail of Foolhardiness (worn) {+Blink rF- SInv}
   (You bought it in a shop on level 9 of the Dungeon)

   It makes you vulnerable to fire.
   It lets you see invisible.
   It lets you blink.
   It has a curse placed upon it.
Jewellery
 o - a +4 ring of protection (left hand)
 w - an uncursed ring of flight
 B - a +3 ring of protection (right hand)
 F - an uncursed amulet of the gourmand
Wands
 b - a wand of polymorph (21)
 t - a wand of flame (15)
 x - a wand of enslavement (15)
 A - a wand of random effects (15)
 C - a wand of paralysis (8)
 H - a wand of digging (7)
Scrolls
 d - 2 scrolls of blinking
 l - 2 scrolls of remove curse
 m - a scroll of fear
 n - a scroll of fog
 v - 6 scrolls of teleportation
 y - a scroll of torment {unknown}
 E - a scroll of magic mapping {unknown}
 J - a scroll of enchant weapon
 K - a scroll of summoning
Potions
 e - a potion of lignification
 f - a potion of cancellation
 h - 2 potions of resistance
 k - 3 potions of brilliance {unknown}
 q - a potion of haste
 r - 4 potions of flight
 s - 2 potions of invisibility
 u - 2 potions of berserk rage
 z - 3 potions of curing
 D - a potion of agility
 G - a potion of mutation
Comestibles
 c - 20 rations


   Skills:
 - Level 6.2 Fighting
 * Level 15.3 Long Blades
 - Level 1.7 Armour
 - Level 1.7 Dodging


You had 10 spell levels left.
You didn't know any spells.
Your spell library contained the following spells:

 Spells                   Type           Power        Failure   Level  Hunger
 Confusing Touch          Hex            #.....       99%         1    ##.....
 Magic Dart               Conj           #...         99%         1    ##.....
 Blink                    Tloc           N/A          100%        2    ###....
 Call Imp                 Summ           #.......     100%        2    ###....
 Slow                     Hex            #.......     100%        2    ###....
 Confuse                  Hex            #.......     100%        3    ####...
 Conjure Flame            Conj/Fire      #.......     100%        3    ####...
 Gell's Gravitas          Tloc           #.........   100%        3    ####...
 Mephitic Cloud           Conj/Pois/Air  #.......     100%        3    ####...
 Petrify                  Tmut/Erth      #.......     100%        4    #####..
 Metabolic Englaciation   Hex/Ice        #.........   100%        5    ######.
 Yara's Violent Unravell  Hex/Tmut       #.........   100%        5    ######.


Dungeon Overview and Level Annotations

Branches:
Dungeon (10/15)            Temple (0/1) D:5            Lair (2/6) D:8
  Swamp: Lair:2-4    Shoals: Lair:2-4     Snake: Lair:2-4    Spider: Lair:2-4
    Orc: D:9-12

Altars:
Ashenzari
Cheibriados
Elyvilon
Fedhas
Hepliaklqana
Makhleb
Nemelex Xobeh
Okawaru
Ru
Trog
Yredelemnul

Shops:
D:9 ?*:[%


Innate Abilities, Weirdness & Mutations

You have a pair of small horns on your head.
You are surrounded by a moderate repulsion field. (EV +3)
Your flesh is cold resistant. (rC+)
When hurt, damage is shared between your health and your magic reserves.
You regenerate magic rapidly.
When low on magic, you restore magic in place of health.


Message History

The catoblepas is heavily wounded.
The catoblepas gores you!!
* * * LOW HITPOINT WARNING * * *
You hit the catoblepas but do no damage.
You headbutt the catoblepas, but do no damage.
The catoblepas is heavily wounded.
You slash the catoblepas! You freeze the catoblepas.
You headbutt the catoblepas, but do no damage.
The catoblepas is severely wounded.
The catoblepas gores you!
* * * LOW HITPOINT WARNING * * *
You hit the catoblepas. You freeze the catoblepas.
The catoblepas is almost dead.
The catoblepas barely misses you.
You hit the catoblepas but do no damage.
The catoblepas is almost dead.
You hit the catoblepas but do no damage.
The catoblepas is almost dead.
The catoblepas gores you!!
You die...

##P###.P# .P. #........
##..# ###..P#..## #P...
#...###### #... #...#
#..## #..## ##..P# #..#
#=.P## #..#
######@..####..#
.......Y........#
.................#
..................... .
..................... ..
...#.######.##.##.....#.
##### ###### ##)#### ##


You could see a catoblepas.

Vanquished Creatures
  Harold (D:8)
  2 death yaks (D:8)
  Maurice (D:9)
  A black mamba (Lair:2)
  Joseph (Lair:1)
  2 spiny frogs (Lair:1)
  2 komodo dragons (Lair:2)
  A hippogriff (D:8)
  Sigmund (D:2)
  10 yaks
  A spriggan (D:7)
  A wyvern (D:8)
  2 hungry ghosts
  Menkaure (D:6)
  3 porcupines (Lair:1)
  4 water moccasins
  Duvessa (D:6)
  2 phantoms
  2 ice beasts
  An orc warrior (D:7)
  3 sky beasts
  A necrophage (D:7)
  3 ogres
  3 centaurs
  3 crocodiles
  6 bullfrogs
  2 scorpions (D:6)
  8 wights
  7 crimson imps
  An orc priest (D:4)
  3 hounds
  8 orc wizards
  4 iguanas
  Natasha (thrice) (D:2)
  5 worker ants
  Terence (D:2)
  3 hound skeletons
  A worker ant zombie (D:5)
  4 gnolls (D:4)
  15 adders
  3 shadow imps
  4 oozes
  3 adder zombies
  An adder skeleton (D:6)
  2 worms
  3 dart slugs
  7 leopard geckos
  33 orcs
  4 giant cockroaches
  14 goblins
  6 hobgoblins
  4 jackals
  6 quokkas
  3 ball pythons
  12 bats
  4 frilled lizards
  A goblin zombie (D:5)
  13 kobolds
  A quokka zombie (D:5)
  8 rats
256 creatures vanquished.

Vanquished Creatures (collateral kills)
  A death yak (D:7)
  Dowan (D:6)
2 creatures vanquished.

Grand Total: 258 creatures vanquished

Notes
Turn   | Place    | Note
-------+----------+-------------------------------------------
     0 | D:1      | Aggronaut the Demonspawn Berserker began the quest for the
                  | Orb.
     0 | D:1      | Reached XP level 1. HP: 18/18 MP: 1/1
    83 | D:1      | Reached skill level 3 in Long Blades
   147 | D:1      | Gained mutation: You have a pair of small horns on your
                  | head. [demonic ancestry]
   147 | D:1      | Reached XP level 2. HP: 9/24 MP: 2/2
   897 | D:2      | Noticed Natasha
   908 | D:2      | Noticed Sigmund
   909 | D:2      | Killed Natasha
   909 | D:2      | Reached skill level 4 in Long Blades
   909 | D:2      | Gained mutation: When hurt, damage is shared between your
                  | health and your magic reserves. [demonic ancestry]
   909 | D:2      | Reached XP level 3. HP: 10/29 MP: 3/3
  1419 | D:2      | Found a snail-covered altar of Cheibriados.
  1429 | D:2      | Reached XP level 4. HP: 24/35 MP: 2/4
  1600 | D:2      | Killed Sigmund
  1600 | D:2      | Reached skill level 6 in Long Blades
  1600 | D:2      | Gained mutation: You regenerate magic rapidly. [demonic
                  | ancestry]
  1600 | D:2      | Reached XP level 5. HP: 41/41 MP: 2/5
  1640 | D:2      | Reached ** piety under Trog
  1658 | D:2      | Noticed Natasha
  1667 | D:2      | Killed Natasha
  1681 | D:2      | Noticed Natasha
  1880 | D:2      | Killed Natasha
  1880 | D:2      | Gained mutation: You are surrounded by a mild repulsion
                  | field. (EV +2) [demonic ancestry]
  1880 | D:2      | Reached XP level 6. HP: 13/47 MP: 0/6
  2348 | D:2      | Noticed Terence
  2357 | D:2      | Killed Terence
  2799 | D:3      | Reached *** piety under Trog
  2819 | D:3      | Reached skill level 7 in Long Blades
  2826 | D:3      | Found a bloodstained altar of Trog.
  3000 | D:3      | Found a sparkling altar of Nemelex Xobeh.
  3533 | D:4      | Gained mutation: When low on magic, you restore magic in
                  | place of health. [demonic ancestry]
  3533 | D:4      | Reached XP level 7. HP: 48/52 MP: 7/7
  3904 | D:4      | Found a shattered altar of Ashenzari.
  4246 | D:5      | Entered Level 5 of the Dungeon
  4310 | D:5      | Reached skill level 8 in Long Blades
  4312 | D:5      | Reached **** piety under Trog
  4623 | D:5      | Reached skill level 9 in Long Blades
  4623 | D:5      | Reached XP level 8. HP: 47/58 MP: 8/8
  4662 | D:5      | Found an iron altar of Okawaru.
  4982 | D:5      | Found a staircase to the Ecumenical Temple.
  5498 | D:6      | Reached skill level 10 in Long Blades
  5521 | D:6      | Noticed Duvessa
  5524 | D:6      | Noticed Dowan
  5536 | D:6      | Killed Duvessa
  5538 | D:6      | Killed Dowan
  5574 | D:6      | Found a white marble altar of Elyvilon.
  5586 | D:6      | Found a blossoming altar of Fedhas.
  5607 | D:6      | Found a sacrificial altar of Ru.
  5765 | D:6      | Noticed Menkaure
  5776 | D:6      | Killed Menkaure
  5795 | D:6      | Reached skill level 11 in Long Blades
  6020 | D:6      | Gained mutation: You are surrounded by a moderate repulsion
                  | field. (EV +3) [demonic ancestry]
  6020 | D:6      | Reached XP level 9. HP: 38/63 MP: 5/9
  6249 | D:6      | Found a burning altar of Makhleb.
  6561 | D:7      | Reached skill level 12 in Long Blades
  6798 | D:7      | Found a basalt altar of Yredelemnul.
  6799 | D:7      | Found a hazy altar of Hepliaklqana.
  7106 | D:8      | Noticed a death yak
  7122 | D:8      | Noticed a death yak
  7124 | D:8      | Noticed a death yak
  7126 | D:8      | Killed a death yak
  7505 | D:8      | Found a staircase to the Lair.
  7677 | D:8      | Reached skill level 13 in Long Blades
  7686 | D:8      | Killed a death yak
  7686 | D:8      | Reached XP level 10. HP: 70/70 MP: 8/10
  7748 | D:8      | Noticed Harold
  7823 | D:7      | Killed a death yak
  8307 | D:8      | Killed Harold
  8307 | D:8      | Reached skill level 14 in Long Blades
  9062 | D:8      | Found a burning altar of Makhleb.
  9453 | D:9      | Noticed Maurice
  9477 | D:9      | Killed Maurice
  9477 | D:9      | Reached skill level 5 in Fighting
  9577 | D:9      | Paralysed by fainting for 12 turns
  9665 | D:9      | Found Fem Jat's Food Emporium.
  9669 | D:9      | Found Itayge Xeg's Book Shoppe.
  9681 | D:9      | Found Ojalluv's Antique Armour Boutique.
  9685 | D:9      | Bought a brightly glowing chain mail for 275 gold pieces
  9695 | D:9      | Identified the cursed +1 chain mail of Foolhardiness
                  | {+Blink rF- SInv} (You bought it in a shop on level 9 of
                  | the Dungeon)
  9898 | D:9      | Found Qopou's General Store.
  9947 | D:9      | Found Muawutu's Magic Scroll Emporium.
  9953 | D:9      | Bought a scroll of identify for 26 gold pieces
  9953 | D:9      | Bought a scroll of enchant weapon for 97 gold pieces
 10362 | D:10     | Entered Level 10 of the Dungeon
 10401 | Lair:1   | Entered Level 1 of the Lair of Beasts
 10430 | Lair:1   | Gained mutation: Your flesh is cold resistant. (rC+)
                  | [demonic ancestry]
 10430 | Lair:1   | Reached XP level 11. HP: 75/81 MP: 9/11
 10437 | Lair:1   | Noticed Joseph
 10460 | Lair:1   | Killed Joseph
 10467 | Lair:1   | Identified a scroll of acquirement
 11592 | Lair:2   | Reached skill level 15 in Long Blades
 12218 | Lair:2   | Noticed a catoblepas
 12236 | Lair:2   | Mangled by a catoblepas

Skill      XL: |  1  2  3  4  5  6  7  8  9 10 11 |
---------------+----------------------------------+-----
Long Blades    | 3 4 6 7 9 11 13 14 15 | 15.3
Fighting       | 6 |  6.2
Armour         | |  1.7
Dodging        | |  1.7

Action                   |  1- 3 |  4- 6 |  7- 9 | 10-12 || total
-------------------------+-------+-------+-------+-------++-------
Melee: Falchion          |    73 |   200 |   354 |   341 ||   968
       Headbutt          |    17 |    39 |    96 |    77 ||   229
Invok: Berserk           |     2 |     6 |     5 |     1 ||    14
       Brothers in Arms  |       |       |     3 |     1 ||     4
  Use: Scroll            |     2 |       |    11 |     6 ||    19
       Potion            |       |       |     3 |     1 ||     4
 Stab: Confused          |       |       |     1 |       ||     1
  Eat: Chunk             |     2 |    14 |    13 |    14 ||    43
       Ration            |       |       |     2 |     2 ||     4
Armor: Ring mail         |    45 |    64 |   101 |    12 ||   222
       Animal skin       |     3 |       |       |       ||     3
       Scale mail        |       |       |       |    49 ||    49
       Chain mail        |       |       |       |    63 ||    63
Dodge: Dodged            |    74 |   149 |   204 |   129 ||   556
       Rpst.: Falchion   |    22 |    38 |    62 |    35 ||   157
